 Dungeon Crawl Stone Soup version 0.29.1-15-g9cfb28693d (webtiles) character file.

Game seed: 11280171451776701597

2530 LustLizard the Grappler (level 9, -4/89 HPs)
             Began as a Troll Fighter on Mar 31, 2023.
             Was a Follower of Wu Jian.
             Killed by nerve-wracking pain
             ... invoked by an orc priest
              (7 damage)
             ... on level 7 of the Dungeon.
             The game lasted 00:09:20 (4790 turns).

LustLizard the Grappler (Troll Fighter)             Turns: 4790, Time: 00:09:20

Health: -4/89      AC:  5    Str: 26    XL:     9   Next: 29%
Magic:  8/8        EV:  8    Int:  8    God:    Wu Jian [*.....]
Gold:   424        SH:  8    Dex:  7    Spells: 8/8 levels left

rFire   + . .      SeeInvis .     - Unarmed
rCold   + . .      Faith    .   b - +0 kite shield
rNeg    + . .      Spirit   .   a - +0 robe
rPois   .          Reflect  .   (helmet restricted)
rElec   .          Harm     .   w - +0 cloak
rCorr   .          Rampage  .   (gloves unavailable)
Will    .....                   (boots unavailable)
Stlth   +.........              D - amulet of the acrobat
HPRegen 1.04/turn               p - ring of Brilliance {rF+ rC+ rN+ Dex-2}
MPRegen 0.11/turn               (no ring)

@: no status effects
A: large, unfitting armour, claws 3, regeneration 1, shaggy fur 1, tough skin 1
a: Renounce Religion


You were on level 7 of the Dungeon.
You worshipped Wu Jian.
Wu Jian was aware of your devotion.
You visited 2 branches of the dungeon, and saw 9 of its levels.

You collected 424 gold pieces.

Inventory:

Hand Weapons
 B - a +5 scimitar
Missiles
 m - 10 poisoned darts (quivered)
 C - 3 atropa-tipped darts
Armour
 a - a +0 robe (worn)
 b - a +0 kite shield (worn)
 w - a +0 cloak (worn)
Jewellery
 p - the ring of Brilliance (left claw) {rF+ rC+ rN+ Dex-2}
   (You found it on level 4 of the Dungeon)

   [ring of protection from cold]

   Dex:       It affects your dexterity (-2).
   rF:        It protects you from fire.
   rC:        It protects you from cold.
   rN:        It protects you from negative energy.
 D - an amulet of the acrobat (around neck)
Wands
 u - a wand of digging (4)
Scrolls
 e - 3 scrolls of teleportation {unknown}
 f - 2 scrolls of amnesia
 g - 3 scrolls of identify
 j - a scroll of torment {unknown}
 q - a scroll of blinking {unknown}
 t - a scroll of butterflies {unknown}
 x - a scroll of noise {unknown}
 y - a scroll of fear {unknown}
 A - a scroll of vulnerability {unknown}
 E - a scroll of silence {unknown}
 F - a scroll of magic mapping {unknown}
Potions
 c - 3 potions of might
 d - 3 potions of invisibility
 h - 2 potions of cancellation
 i - 6 potions of curing
 k - a potion of attraction {unknown}
 l - a potion of flight {unknown}
 n - a potion of mutation {unknown}
 o - 2 potions of magic
 r - a potion of brilliance {unknown}
 s - a potion of heal wounds {unknown}
 v - a potion of lignification {unknown}
 z - a potion of ambrosia {unknown}


   Skills:
 + Level 5.7 Fighting
 + Level 2.9 Dodging
 + Level 6.2 Shields
 * Level 9.1 Unarmed Combat


You had 8 spell levels left.
You didn't know any spells.
Your spell library contained the following spells:

 Spells                   Type           Power      Damage    Failure   Level
 Shock                    Conj/Air       0%         1d3       67%         1
 Static Discharge         Conj/Air       0%         3-3/arc   80%         2
 Confusing Touch          Hex            0%         N/A       95%         3
 Swiftness                Air            0%         N/A       95%         3
 Airstrike                Air            0%         2d(0-16)  100%        4
 Lightning Bolt           Conj/Air       0%         1d11      100%        5
 Yara's Violent Unravell  Hex/Tmut       0%         3d3       100%        5
 Enfeeble                 Hex            0%         N/A       100%        7
 Maxwell's Capacitive Co  Air            0%         ∞         100%        8


Dungeon Overview and Level Annotations

Branches:
Dungeon (8/15)             Temple (1/1) D:6
   Lair: D:8-11

Altars:
Dithmenos
Gozag
Hepliaklqana
Makhleb
Nemelex Xobeh
Okawaru
Ru
Sif Muna
Trog
Vehumet
Wu Jian
Yredelemnul
Zin
The Shining One

Annotations:
D:6 1 runed translucent door, Seidenschwarz's ghost, novice MiFi


Innate Abilities, Weirdness & Mutations

You are too large for most types of armour.
You have claws for hands.
Your natural rate of healing is unusually fast.
You are covered in fur. (AC +1)
You have tough skin. (AC +1)


Message History

You block the orc warrior's attack.
You scratch the orc warrior but do no damage.
The orc warrior is severely wounded.
The orc priest hits you with a +0 short sword of speed.
The orc warrior hits you with a +0 mace!
The orc priest calls upon Beogh to heal the orc warrior.
The orc warrior is healed somewhat.
You scratch the orc warrior.
The orc warrior is severely wounded.
You block the orc warrior's attack. You block the orc priest's attack.
You closely miss the orc warrior.
The orc warrior is severely wounded.
You block the orc priest's attack.
The orc warrior hits you with a +0 mace.
You barely miss the orc warrior.
The orc warrior is severely wounded.
The orc priest hits you with a +0 short sword of speed.
You claw the orc warrior!
The orc warrior is almost dead.
The orc warrior hits you with a +0 mace!
* * * LOW HITPOINT WARNING * * *
The orc priest hits you but does no damage. x2
You barely miss the orc warrior.
The orc warrior is almost dead.
The orc warrior hits you with a +0 mace!
* * * LOW HITPOINT WARNING * * *
The orc priest hits you with a +0 short sword of speed.
* * * LOW HITPOINT WARNING * * *
You block the orc warrior's attack.
Okay, then.
You claw the orc warrior!
You kill the orc warrior!
The Council accepts your kill.
The orc priest mumbles some strange prayers to Beogh against you.
Beogh smites you!
* * * LOW HITPOINT WARNING * * *
You barely miss the orc priest.
The orc priest invokes the aid of Beogh against you.
Pain shoots through your body!
You die...

##########
##...##...##
##..........##
#............#
#............####
#......>).......###
##.......@..###...####
##...#.o..##
###....#### ######.###
####<.[.# #..# ####[#
##.# #[## #.### #...
#...# #### ###.# #.#


You could see an orc priest.

Vanquished Creatures
  Eustachio (D:5)
  Duvessa (D:7)
  2 water moccasins (D:7)
  An orc warrior (D:7)
  2 black bears (D:6)
  A sky beast (D:6)
  3 ogres
  2 centaurs
  2 phantoms
  A bullfrog (D:7)
  A scorpion (D:5)
  A necrophage (D:5)
  4 wights (D:7)
  Dowan (D:7)
  2 howler monkeys (D:7)
  6 hounds
  A gnoll bouda (D:7)
  3 jellies
  Ijyb (D:5)
  An orc wizard (D:3)
  3 iguanas
  Robin (D:2)
  3 gnolls (D:7)
  3 adders
  A shadow imp (D:6)
  2 white imps (D:6)
  4 ufetubi
  2 worms
  4 dart slugs
  10 orcs
  5 ball pythons
  7 bats
  3 endoplasms (D:1)
  2 giant cockroaches
  14 goblins
  15 hobgoblins
  4 jackals
  2 quokkas (D:1)
  5 frilled lizards
  4 kobolds
  2 rats (D:3)
133 creatures vanquished.

Vanquished Creatures (others)
  2 withered plants (D:6)
2 creatures vanquished.

Grand Total: 135 creatures vanquished

Notes
Turn   | Place    | Note
-------+----------+-------------------------------------------
     0 | D:1      | LustLizard the Troll Fighter began the quest for the Orb.
     0 | D:1      | Reached XP level 1. HP: 22/22 MP: 0/0
   176 | D:1      | Reached XP level 2. HP: 29/29 MP: 1/1
   196 | D:1      | Found a faded altar of an unknown god.
   469 | D:1      | Reached XP level 3. HP: 36/36 MP: 2/2
   697 | D:1      | Reached skill level 3 in Unarmed Combat
  1049 | D:2      | Noticed Robin
  1066 | D:2      | Killed Robin
  1067 | D:2      | Reached XP level 4. HP: 39/44 MP: 3/3
  1623 | D:3      | Reached skill level 4 in Unarmed Combat
  1623 | D:3      | Reached XP level 5. HP: 44/53 MP: 4/4
  1950 | D:4      | Noticed a phantom
  1957 | D:4      | Killed a phantom
  2009 | D:4      | Reached XP level 6. HP: 59/61 MP: 5/5
  2025 | D:4      | Reached skill level 5 in Unarmed Combat
  2717 | D:4      | Identified the ring of Brilliance {rF+ rC+ rN+ Dex-2}
  2756 | D:5      | Entered Level 5 of the Dungeon
  2769 | D:5      | Reached XP level 7. HP: 50/68 MP: 6/6
  2835 | D:5      | Reached skill level 6 in Unarmed Combat
  3222 | D:5      | Noticed Ijyb
  3229 | D:5      | Killed Ijyb
  3266 | D:5      | Reached skill level 5 in Shields
  3266 | D:5      | Reached XP level 8. HP: 79/79 MP: 7/7
  3317 | D:5      | Found a radiant altar of Vehumet.
  3458 | D:5      | Noticed Eustachio
  3475 | D:5      | Killed Eustachio
  3476 | D:5      | Reached skill level 7 in Unarmed Combat
  3671 | D:6      | Found a sparkling altar of Nemelex Xobeh.
  3699 | D:6      | Reached skill level 5 in Fighting
  3715 | D:6      | Found a staircase to the Ecumenical Temple.
  3725 | Temple   | Entered the Ecumenical Temple
  3779 | Temple   | Became a worshipper of the Wu Jian Council
  3843 | D:6      | Found a basalt altar of Yredelemnul.
  3845 | D:6      | Noticed a profane servitor
  3888 | D:6      | Found a runed translucent door.
  3888 | D:6      | Noticed Seidenschwarz's ghost (novice MiFi)
  4071 | D:6      | Found a glowing golden altar of the Shining One.
  4073 | D:6      | Noticed an angel
  4129 | D:7      | Reached skill level 8 in Unarmed Combat
  4177 | D:7      | Noticed Dowan
  4178 | D:7      | Noticed Duvessa
  4242 | D:7      | Killed Duvessa
  4243 | D:7      | Reached XP level 9. HP: 67/88 MP: 8/8
  4250 | D:7      | Killed Dowan
  4581 | D:7      | Reached * piety under Wu Jian
  4590 | D:7      | Reached skill level 9 in Unarmed Combat
  4789 | D:7      | HP: 2/89 [orc priest/divine providence (11)]
  4790 | D:7      | Killed from afar by an orc priest

Illustrated notes

Levels and vault maps discovered:
D:1:      dpeg_arrival_three_same_balls, layout_basic,
          shapermc_ecumenical_altar_pompeii
D:2:      layout_loops_cross, minmay_misc_feat_diagonals, uniq_robin
D:3:      layout_rooms
D:4:      layout_loops_ring
D:5:      layout_rooms, overflow_temple_1_default, nrook_campfire,
          grunt_ministairs_6, uniq_eustachio, uniq_ijyb
D:6:      layout_rooms, grunt_temple_overflow_holy_war, nemelex_altar_shiori,
          minmay_temple_entry_wispy, gammafunk_ghost_grave
D:7:      layout_rooms, nrook_pool_corridor, chequers_serial_rivers_room_b,
          uniq_duvessa
D:8:      layout_rooms, chei_slow_surprise, david_lair_shrubbed,
          minmay_misc_feat_enclosed
Temple:   jpeg_temple_clearing

Skill      XL: |  1  2  3  4  5  6  7  8  9 |
---------------+----------------------------+-----
Shields        | 3 4 5 6 |  6.2
Unarmed Combat | 3 4 5 6 8 9 |  9.1
Fighting       | 3 4 5 |  5.7
Dodging        | |  2.9

Action                   |  1- 3 |  4- 6 |  7- 9 || total
-------------------------+-------+-------+-------++-------
Melee: Unarmed           |   112 |   132 |   211 ||   455
Throw: Dart              |       |     1 |     5 ||     6
Invok: Lunge             |       |       |     6 ||     6
  Use: Scroll            |       |     3 |     2 ||     5
 Stab: Sleeping          |       |       |     1 ||     1
Armor: Robe              |    31 |    42 |    55 ||   128
Dodge: Dodged            |    32 |    42 |    55 ||   129
Block: Kite shield       |    40 |    45 |    81 ||   166
